 Dungeon Crawl Stone Soup version 0.24-a0-249-g2af7e837d0 (webtiles) character file.

Game seed: 3056853743611981484

1218 Redear the Skirmisher (level 8, -3/67 HPs)
             Began as a Demonspawn Fighter on Apr 13, 2019.
             Was a Follower of Okawaru.
             Slain by a gargoyle
             ... wielding a +0 morningstar
              (5 damage)
             ... on level 6 of the Dungeon.
             The game lasted 00:14:25 (5850 turns).

Redear the Skirmisher (Demonspawn Fighter)          Turns: 5850, Time: 00:14:26

Health: -3/67      AC: 12    Str: 22    XL:     8   Next: 22%
Magic:  8/8        EV: 13    Int: 10    God:    Okawaru [*.....]
Gold:   156        SH:  0    Dex: 13    Spells: 7/7 levels left

rFire    + . .     SeeInvis .     - Unarmed
rCold    . . .     Gourm    .   (no shield)
rNeg     . . .     Faith    .   n - +3 leather armour {rF+} {rF+}
rPois    .         Spirit   .   d - +0 helmet
rElec    .         Reflect  .   e - +1 cloak
rCorr    .         Harm     .   (no gloves)
MR       .....     Rnd*Tele +   (no boots)
Stlth    +.........             (no amulet)
HPRegen  0.21/turn              c - ring of teleportation (curse) {+/*tele}
MPRegen  0.11/turn              o - +4 ring of strength

@: no status effects
A: claws 1, rugged brown scales 2, high mp 1, powered by pain 1, shaggy fur 1
a: Heroism, Renounce Religion


You were on level 6 of the Dungeon.
You worshipped Okawaru.
Okawaru was aware of your devotion.
You were not hungry.

You visited 2 branches of the dungeon, and saw 7 of its levels.

You collected 156 gold pieces.

Inventory:

Hand Weapons
 r - a +2 dagger of venom
Missiles
 h - 43 poisoned needles
 j - 85 stones (quivered)
 Z - a throwing net {+f}
Armour
 a - a +0 scale mail
 b - a +0 shield
 d - a +0 helmet (worn)
 e - a +1 cloak (worn)
 n - a +3 leather armour of fire resistance (worn) {rF+}
Jewellery
 c - a cursed ring of teleportation (left claw) {+/*tele}
 k - an uncursed ring of fire {rF+ rC-}
 o - a +4 ring of strength (right claw)
Wands
 I - a wand of iceblast (4)
Scrolls
 f - 2 scrolls of blinking {unknown}
 i - 4 scrolls of enchant weapon
 l - a scroll of random uselessness {unknown}
 m - a scroll of remove curse {unknown}
 p - a scroll of fog {unknown}
 w - a scroll of noise {unknown}
 R - 6 scrolls of identify {@r1}
 T - 3 scrolls of teleportation {@r3}
Potions
 g - a potion of mutation {!q}
 t - a potion of heal wounds {unknown}
 u - a potion of degeneration {unknown}
 v - a potion of brilliance {Archmagi Int+5 Wiz++}
Comestibles
 z - 10 rations


   Skills:
 - Level 5.7 Fighting
 - Level 2.6 Armour
 - Level 4.2 Dodging
 - Level 5.2 Shields
 - Level 4.8 Unarmed Combat
 + Level 0.1 Invocations


You had 7 spell levels left.
You didn't know any spells.
Your spell library contained the following spells:

 Spells                   Type           Power        Failure   Level  Hunger
 Animate Skeleton         Necr           N/A          41%         1    ##.....
 Apportation              Tloc           #.....       41%         1    ##.....
 Confusing Touch          Hex            #.....       41%         1    ##.....
 Summon Small Mammal      Summ           #...         41%         1    ##.....


Dungeon Overview and Level Annotations

Branches:
Dungeon (6/15)             Temple (1/1) D:5

Altars:
Ashenzari
Cheibriados
Dithmenos
Elyvilon
Fedhas
Gozag
Hepliaklqana
Kikubaaqudgha
Makhleb
Nemelex Xobeh
Okawaru
Qazlal
Ru
Sif Muna
Trog
Uskayaw
Vehumet
Wu Jian
Xom
Yredelemnul
Zin
The Shining One


Innate Abilities, Weirdness & Mutations

You have sharp fingernails.
You are mostly covered in rugged brown scales. (AC +2, +5% HP)
You sometimes gain a little power by taking damage.
You have an increased reservoir of magic. (+10% MP)
You are covered in fur. (AC +1)


Message History

The gargoyle is moderately damaged.
The gargoyle closely misses you.
You scratch the gargoyle.
The gargoyle is heavily damaged.
The gargoyle hits you with a +0 morningstar!!
* * * LOW HITPOINT WARNING * * *
You focus on the pain.
You feel mightier all of a sudden.
You take 24 damage, and have 1/67 hp.
MASSIVE DAMAGE!!
Okay, then.
Okay, then.
It was a potion of brilliance.
You feel clever all of a sudden.
Unknown command.
It was a potion of cancellation.
Your magical effects are unravelling.
You feel magically purged.
You feel a little less mighty now.
You feel a little less clever now.
The gargoyle hits you with a +0 morningstar.
You die...

#.....### #....... .
#....... ..#......
.. ......... ...
........####...
.......9....#
.......@....#
....###....(# .
#.....### ..
#...##........ .%..
#...##........
....###...##.###....
.
.........##'###....
..##.......#....#
...
........#..#....# ..


You could see a gargoyle.

Vanquished Creatures
  Grinder (D:3)
  Eustachio (D:4)
  Menkaure (D:5)
  2 phantoms
  Blork the orc (D:5)
  A jelly (D:5)
  3 orc wizards (D:4)
  2 worker ants (D:4)
  Ijyb (D:4)
  Natasha (thrice) (D:3)
  A hound skeleton (D:4)
  15 adders
  2 oozes
  An adder skeleton (D:6)
  3 worms
  4 dart slugs
  3 leopard geckos
  6 orcs (D:4)
  A ball python (D:3)
  7 giant cockroaches
  12 goblins
  4 hobgoblins
  3 jackals (D:5)
  A ball python skeleton (D:4)
  5 bats
  7 frilled lizards
  2 jackal skeletons
  8 kobolds
  A leopard gecko skeleton (D:5)
  8 rats
110 creatures vanquished.

Vanquished Creatures (others)
  An adder (D:3)
1 creature vanquished.

Grand Total: 111 creatures vanquished

Notes
Turn   | Place    | Note
-------+----------+-------------------------------------------
     0 | D:1      | Redear the Demonspawn Fighter began the quest for the Orb.
     0 | D:1      | Reached XP level 1. HP: 18/18 MP: 1/1
   334 | D:1      | Reached skill level 2 in Unarmed Combat
   351 | D:1      | Gained mutation: You sometimes gain a little power by
                  | taking damage. [demonic ancestry]
   351 | D:1      | Reached XP level 2. HP: 24/24 MP: 2/2
   957 | D:2      | Reached skill level 1 in Dodging
  1076 | D:2      | Reached skill level 3 in Shields
  1096 | D:2      | Reached XP level 3. HP: 28/29 MP: 3/3
  2098 | D:3      | Gained mutation: You are partially covered in rugged brown
                  | scales. (AC +1, +3% HP) [demonic ancestry]
  2098 | D:3      | Reached XP level 4. HP: 17/36 MP: 4/4
  2144 | D:3      | Noticed Grinder
  2163 | D:3      | Paralysed by Grinder for 4 turns
  2180 | D:3      | Killed Grinder
  2180 | D:3      | Reached skill level 4 in Fighting
  2180 | D:3      | Reached skill level 2 in Dodging
  2180 | D:3      | Reached skill level 3 in Unarmed Combat
  2180 | D:3      | Gained mutation: You have sharp fingernails. [demonic
                  | ancestry]
  2180 | D:3      | Reached XP level 5. HP: 10/43 MP: 5/5
  2180 | D:3      | Reached XP level 6. HP: 12/49 MP: 6/6
  2909 | D:3      | Noticed Natasha
  2922 | D:3      | Killed Natasha
  2922 | D:3      | Reached skill level 4 in Shields
  2985 | D:3      | Found an iron altar of Okawaru.
  3068 | D:3      | Became a worshipper of Warmaster Okawaru
  3109 | D:3      | Noticed Natasha
  3118 | D:3      | Killed Natasha
  3397 | D:3      | Noticed Natasha
  3406 | D:3      | Killed Natasha
  3724 | D:4      | Reached skill level 3 in Dodging
  3754 | D:4      | Reached XP level 7. HP: 32/56 MP: 7/7
  3781 | D:4      | Reached skill level 4 in Unarmed Combat
  3793 | D:4      | Noticed Ijyb
  3808 | D:4      | Gained mutation: You have an increased reservoir of magic.
                  | (+10% MP) [potion of mutation]
  3808 | D:4      | Gained mutation: You are covered in fur. (AC +1) [potion of
                  | mutation]
  3811 | D:4      | HP: 5/56 [worker ant (6)]
  3868 | D:4      | Killed Ijyb
  3868 | D:4      | Reached skill level 5 in Fighting
  4562 | D:4      | Noticed Eustachio
  4582 | D:4      | Killed Eustachio
  4723 | D:5      | Entered Level 5 of the Dungeon
  4758 | D:5      | Found a glowing silver altar of Zin.
  4798 | D:5      | Noticed Menkaure
  4806 | D:5      | Killed Menkaure
  4806 | D:5      | Reached * piety under Okawaru
  4806 | D:5      | Reached skill level 4 in Dodging
  4806 | D:5      | Reached skill level 5 in Shields
  4806 | D:5      | Gained mutation: You are mostly covered in rugged brown
                  | scales. (AC +2, +5% HP) [demonic ancestry]
  4806 | D:5      | Reached XP level 8. HP: 27/66 MP: 8/8
  5070 | D:5      | Found a basalt altar of Yredelemnul.
  5156 | D:5      | Found a staircase to the Ecumenical Temple.
  5220 | Temple   | Entered the Ecumenical Temple
  5581 | D:5      | Noticed Blork the orc
  5588 | D:5      | Killed Blork the orc
  5834 | D:6      | Noticed a gargoyle
  5848 | D:6      | HP: 1/67 [gargoyle/+0 morningstar (24)]
  5850 | D:6      | Slain by a gargoyle

Levels and vault maps discovered:
D:1:      eino_arrival_water_cross, layout_basic, minmay_tetromino_i2
D:2:      layout_loops_corners
D:3:      minmay_spotlight, layout_basic, kennysheep_okawaru_gauntlet,
          uniq_grinder, uniq_natasha
D:4:      layout_basic, minmay_a_box_with_orc_wizards_in_it, uniq_eustachio,
          uniq_ijyb
D:5:      layout_basic, kennysheep_mini, temple_statues, first_ration,
          yredelemnul_altar_generic, uniq_blork_the_orc, uniq_menkaure
D:6:      layout_basic
Temple:   compressed_dpeg_triangle_lava_temple

Skill      XL: |  1  2  3  4  5  6  7 |
---------------+----------------------+-----
Unarmed Combat | 2 3 4 |  4.8
Dodging        | 1 2 3 4 |  4.2
Shields        | 3 4 5 |  5.2
Fighting       | 4 5 |  5.7
Armour         | |  2.6
Invocations    | |  0.1

Action                   |  1- 3 |  4- 6 |  7- 9 || total
-------------------------+-------+-------+-------++-------
Melee: Unarmed           |   194 |   190 |   167 ||   551
       Punch             |     1 |     4 |    11 ||    16
Throw: Stone             |       |    42 |       ||    42
       Throwing net      |       |     1 |       ||     1
  Use: Potion            |     1 |     4 |     8 ||    13
       Scroll            |       |     2 |     1 ||     3
 Stab: Distracted        |     1 |       |       ||     1
  Eat: Chunk             |     3 |     6 |     4 ||    13
       Ration            |       |       |     1 ||     1
Armor: Scale mail        |    70 |   139 |    34 ||   243
       Skin              |       |       |    15 ||    15
       Leather armour    |       |       |    21 ||    21
Dodge: Dodged            |    86 |   135 |    77 ||   298

Table legend:
 A = Non-vault XP
 B = Vault XP
 C = Vault XP percentage of total XP
 D = Non-vault monster count
 E = Vault monster count
 F = Vault count percentage of total count
                 A         B        C        D         E       F
            +---------+---------+-------+---------+---------+-------
      Total |     850 |     890 |  51.1 |      94 |      17 |  15.3
            +---------+---------+-------+---------+---------+-------
        D:1 |      21 |       3 |  12.5 |      14 |       2 |  12.5
        D:2 |      62 |       0 |   0.0 |      24 |       0 |   0.0
        D:3 |     191 |     318 |  62.5 |      22 |       9 |  29.0
        D:4 |     368 |     303 |  45.2 |      23 |       4 |  14.8
        D:5 |     203 |     266 |  56.7 |      10 |       2 |  16.7
        D:6 |       5 |       0 |   0.0 |       1 |       0 |   0.0
            +---------+---------+-------+---------+---------+-------
